 Dungeon Crawl Stone Soup version 0.29-a0-275-g389c0b56f3 (webtiles) character file.

Game seed: 17051905405676162379

164617 dolemite99 the Severer (level 17, -4/140 HPs)
             Began as a Hill Orc Fighter on Mar 12, 2022.
             Was an Elder of Hepliaklqana.
             Slain by a merfolk
             ... wielding a +0 trident
              (8 damage)
             ... on level 3 of the Shoals.
             The game lasted 00:59:17 (48774 turns).

dolemite99 the Severer (Hill Orc Fighter)          Turns: 48774, Time: 00:59:18

Health: -4/140     AC: 33    Str: 23    XL:     17   Next: 86%
Magic:  27/27      EV: 10    Int:  8    God:    Hepliaklqana [****..]
Gold:   663        SH: 18    Dex: 12    Spells: 16/16 levels left

rFire   + . .      SeeInvis .   a - +1 broad axe (venom)
rCold   + . .      Faith    .   m - +0 kite shield
rNeg    . . .      Spirit   .   C - +2 chain mail {rC+}
rPois   +          Reflect  +   i - +2 helmet
rElec   .          Harm     .   c - +2 cloak {Will+}
rCorr   .          Rampage  .   T - +2 pair of gloves of Noup {+Inv rPois rF+ Str-2}
Will    ++...                   A - +1 pair of boots
Stlth   ..........              I - amulet of reflection
HPRegen 0.33/turn               u - ring of flight
MPRegen 0.20/turn               S - +4 ring of protection {=R}

@: flying
A: reduced essence
a: Renounce Religion, Evoke Invisibility, Recall Ancestor, Ancestor Identity,
Transference, Idealise


You were on level 3 of the Shoals.
You worshipped Hepliaklqana.
Hepliaklqana was greatly pleased with you.
You visited 6 branches of the dungeon, and saw 31 of its levels.
You also visited: Ice Cave.

You collected 2401 gold pieces.
You spent 1738 gold pieces at shops.

Inventory:

Hand Weapons
 a - a +1 broad axe of venom (weapon)
 b - the +3 morningstar "Killer Klown's Curse" {venom, rN+ Dex+2 SInv}
   (You took it off a centaur warrior on level 15 of the Dungeon)

   It poisons the flesh of those it strikes.
   Dex:       It affects your dexterity (+2).
   rN:        It protects you from negative energy.
   SInv:      It lets you see invisible.
 l - a +2 eveningstar of flaming
 z - a +2 hand crossbow of flaming
Missiles
 h - 9 poisoned darts
 k - 4 atropa-tipped darts
 K - 4 throwing nets
 Z - 22 boomerangs (quivered)
Armour
 c - a +2 cloak of willpower (worn)
 i - a +2 helmet (worn)
 m - a +0 kite shield (worn)
 A - a +1 pair of boots (worn)
 C - a +2 chain mail of cold resistance (worn)
 T - the +2 pair of gloves of Noup (worn) {+Inv rPois rF+ Str-2}
   (You bought it in a shop on level 14 of the Dungeon)

   Str:       It affects your strength (-2).
   rF:        It protects you from fire.
   rPois:     It protects you from poison.
   +Inv:      It lets you turn invisible.
Jewellery
 e - a ring of willpower
 f - a ring of magical power
 s - the ring of Ignis, Forging {*Corrode +Blink rF+ rC+ EV+4}
   (You found it on level 9 of the Dungeon)

   [ring of evasion]

   EV:        It affects your evasion (+4).
   rF:        It protects you from fire.
   rC:        It protects you from cold.
   +Blink:    It lets you blink.
   *Corrode:  It may corrode you when you take damage.
 u - a ring of flight (left hand)
 v - a ring of poison resistance
 y - a +6 ring of strength
 D - a +6 ring of strength
 I - an amulet of reflection (around neck)
 S - a +4 ring of protection (right hand) {=R}
Wands
 j - a wand of polymorph (22)
 F - a wand of paralysis (5)
Scrolls
 g - a scroll of teleportation
 o - a scroll of blinking {unknown}
 w - 2 scrolls of silence
 B - 4 scrolls of vulnerability
 L - 24 scrolls of identify {@r1}
Potions
 d - a potion of cancellation
 n - 2 potions of berserk rage
 p - 3 potions of brilliance
 O - 4 potions of attraction
 Q - a potion of flight
 X - 3 potions of lignification
Miscellaneous
 q - a phial of floods (inert)


   Skills:
 - Level 15.0 Fighting
 - Level 16.7(18.0) Axes
 - Level 9.4(13.0) Maces & Flails
 - Level 4.0 Throwing
 - Level 15.0 Armour
 + Level 6.5 Dodging
 - Level 15.2 Shields
 - Level 14.0 Invocations
 - Level 10.3 Evocations


You had 16 spell levels left.
You didn't know any spells.
Your spell library contained the following spells:

 Spells                   Type           Power      Damage    Failure   Level
 Sandblast                Erth           0%         2d4       98%         1
 Blink                    Tloc           0%         N/A       99%         2
 Corpse Rot               Necr/Air       0%         N/A       99%         2
 Ensorcelled Hibernation  Hex/Ice        0%         N/A       99%         2
 Passwall                 Tmut/Erth      0%         N/A       99%         2
 Poisonous Vapours        Pois/Air       0%         N/A       99%         2
 Scorch                   Fire           0%         2d5       99%         2
 Call Canine Familiar     Summ           0%         N/A       100%        3
 Conjure Flame            Conj/Fire      0%         6-21      100%        3
 Dazzling Flash           Conj/Hex       0%         N/A       100%        3
 Frozen Ramparts          Ice            0%         1d2       100%        3
 Gell's Gravitas          Tloc           0%         N/A       100%        3
 Ignite Poison            Fire/Tmut/Pois 0%         N/A       100%        3
 Lesser Beckoning         Tloc           0%         N/A       100%        3
 Mephitic Cloud           Conj/Pois/Air  0%         N/A       100%        3
 Portal Projectile        Hex/Tloc       0%         N/A       100%        3
 Stone Arrow              Conj/Erth      0%         3d7       100%        3
 Swiftness                Air            0%         N/A       100%        3
 Teleport Other           Tloc           0%         N/A       100%        3
 Tukima's Dance           Hex            0%         N/A       100%        3
 Animate Armour           Summ/Erth      0%         N/A       100%        4
 Flame Wave               Conj/Fire      0%         2d4       100%        4
 Ice Form                 Ice/Tmut       0%         N/A       100%        4
 Iskenderun's Mystic Bla  Conj/Tloc      0%         2d3       100%        4
 Leda's Liquefaction      Hex/Erth       0%         N/A       100%        4
 Passage of Golubria      Tloc           0%         N/A       100%        4
 Petrify                  Tmut/Erth      0%         N/A       100%        4
 Sticky Flame             Conj/Fire      0%         2d3       100%        4
 Summon Ice Beast         Ice/Summ       0%         N/A       100%        4
 Freezing Cloud           Conj/Ice/Air   0%         6-21      100%        5
 Irradiate                Conj/Tmut      0%         3d13      100%        5
 Manifold Assault         Tloc           0%         N/A       100%        5
 Metabolic Englaciation   Hex/Ice        0%         N/A       100%        5
 Yara's Violent Unravell  Hex/Tmut       0%         3d3       100%        5
 Dispersal                Tloc           0%         N/A       100%        6
 Starburst                Conj/Fire      0%         6d3       100%        6
 Statue Form              Tmut/Erth      0%         N/A       100%        6
 Summon Cactus Giant      Summ           0%         N/A       100%        6
 Lehudib's Crystal Spear  Conj/Erth      0%         10d2      100%        8


Dungeon Overview and Level Annotations

Branches:
Dungeon (15/15)            Temple (1/1) D:5            Lair (6/6) D:11
 Shoals (3/4) Lair:4       Spider (4/4) Lair:3        Slime (0/5) Lair:5
    Orc (2/2) D:12            Elf (0/3) Orc:2        Vaults (0/5) D:14
 Depths (0/4) D:15          IceCv (visited)

Altars:
Ashenzari
Cheibriados
Dithmenos
Elyvilon
Fedhas
Gozag
Hepliaklqana
Kikubaaqudgha
Makhleb
Nemelex Xobeh
Okawaru
Qazlal
Ru
Sif Muna
Trog
Uskayaw
Vehumet
Wu Jian
Xom
Yredelemnul
Zin
The Shining One
Beogh
Jiyva
Lugonu

Shops:
D:3 *   D:6 *[[   D:14 *   Orc:2 [*:=

Portals:
Abyss: Lair:6
Trove: D:13 (give horn of Geryon)

Annotations:
D:7 3 runed translucent doors, exclusion: downstairs, Clumpoid's ghost, novice GnFi; riojii's ghost, novice DDFi
Lair:5 1 runed translucent door
Spider:4 Mara; Nikola


Message History

You kill the merfolk aquamancer!
You hear a splash. x2
The merfolk throws a boomerang.
You reflect the boomerang off an invisible shield around you!
The boomerang closely misses the merfolk.
The centaur warrior hits you.
* * * LOW HITPOINT WARNING * * *
You block the centaur warrior's attack.
The snapping turtle bites you but does no damage.
The harpy barely misses you. You block the harpy's attack.
The water elemental hits you.
Okay, then.
You slip free of the water engulfing you.
The water elemental attacks as you move away!
The water elemental closely misses you.
You can now heal and protect your ancestor.
You gasp with relief as air once again reaches your lungs.
You kill the harpy!
The centaur warrior wields a +0 shortbow.
The centaur warrior shoots an arrow.
You reflect the arrow off an invisible shield around you!
The arrow hits the centaur warrior!!
Simosihle gestures at the water elemental while chanting.
The stone arrow hits the water elemental!!
The water elemental is destroyed!
The snapping turtle bites you but does no damage.
You see here a +0 spear.
Aim the phial where?
Press: ? - help, Shift-Dir - straight line, f - merfolk
Aim: a merfolk, wielding a +0 trident and quivering boomerangs (lightly wounded)
The torrent of water hits the merfolk!
The merfolk is moderately wounded.
The wave splashes down.
The centaur warrior is engulfed in water.
You hear a shout!
You hear a bleat!
You hear a shout! x2; You hear a bleat!
You hear a shout! x10
You kill the centaur warrior!
You hear a splash.
The merfolk hits you from afar with a +0 trident!
You die...

≈≈≈≈≈≈≈≈≈≈≈≈≈≈≈≈≈≈≈≈≈≈
≈≈P..≈≈≈≈≈≈≈≈≈≈≈≈≈≈≈≈≈≈≈
P≈##.≈≈≈≈≈≈≈≈≈≈≈≈≈≈≈≈≈≈≈
≈≈.#.≈≈≈≈P≈≈≈≈≈≈≈≈≈≈≈...
≈≈≈≈≈≈≈≈≈≈P≈≈≈≈≈<≈≈≈≈≈..
P≈≈P≈≈≈≈)≈≈≈≈≈≈≈≈≈≈≈....
≈P≈PP≈≈).)≈P≈≈≈≈≈≈≈≈...
≈≈P≈≈≈.R.†≈PPP≈≈...≈##.
≈≈≈≈>..@.m≈≈≈≈≈≈.....#
P≈≈≈≈.##.t≈≈≈≈.≈.......
P≈P≈≈ ##≈≈†≈≈.≈......^
≈≈P≈ ≈≈.≈≈≈≈≈≈≈≈.....≈.
≈≈≈ ≈≈≈.§≈≈≈≈>≈.###...≈
≈≈ ≈≈≈.≈≈≈≈≈≈≈.# .... ≈
≈≈≈.§≈≈≈≈≈.... ...
≈≈≈≈≈≈≈≈≈≈≈≈..≈ ..
≈≈≈≈≈>≈≈≈≈≈≈≈≈≈


You could see the friendly Simosihle the battlemage, a snapping turtle and a
merfolk (ally target).

Vanquished Creatures
  Rupert (D:15)
  Frances (D:14)
  A kraken (Shoals:2)
  A broodmother (Spider:2)
  An entropy weaver (Spider:3)
  A great orb of eyes (D:15)
  7 boulder beetles
  5 hydras
  An anaconda (Shoals:1)
  An ogre mage (D:14)
  A radroach (Spider:4)
  3 centaur warriors
  A catoblepas (Shoals:2)
  4 death yaks
  4 jorogumos (Spider:3)
  A merfolk aquamancer (Shoals:3)
  A two-headed ogre (shapeshifter) (Lair:6)
  4 two-headed ogres
  3 orc high priests (Orc:2)
  A thrashing horror (Lair:6)
  3 sun moths
  3 pharaoh ants
  2 sea snakes
  2 orb spiders
  A deep elf archer (D:14)
  3 steelbarb worms
  A harpy (shapeshifter) (D:15)
  4 harpies
  2 orc knights
  A large abomination (Lair:6)
  A deep elf pyromancer (D:14)
  An ugly thing (D:12)
  12 wolf spiders
  3 slime creatures
  An orc sorcerer (Orc:1)
  3 cyclopes
  5 elephants
  3 moths of wrath
  A black mamba (Lair:5)
  A merfolk siren (Shoals:2)
  A torpor snail (Spider:1)
  A smoke demon (Lair:6)
  A gargoyle (D:13)
  A water nymph (Shoals:1)
  3 cane toads
  3 demonic crawlers
  A rime drake (Lair:6)
  Maggie (D:8)
  6 yaktaurs
  An efreet (D:11)
  A freezing wraith (D:15)
  4 komodo dragons
  An ancient zyme (Lair:6)
  A meliai (shapeshifter) (D:15)
  5 meliai
  2 wind drakes (Shoals:2)
  13 merfolk
  A troll (D:11)
  A wind drake (shapeshifter) (Lair:6)
  3 polar bears
  13 tarantellas
  A hornet (D:9)
  11 blink frogs
  2 snapping turtles
  Sigmund (D:2)
  20 jumping spiders
  A wyvern (Lair:4)
  A shadow (D:10)
  2 water elementals (Shoals:3)
  2 ynoxinuls (Lair:6)
  13 yaks
  15 culicivoras
  A human (D:12)
  6 basilisks
  35 redbacks
  A redback (shapeshifter) (Lair:6)
  2 vampire mosquitoes (D:11)
  2 acid dragons
  5 wargs
  6 water moccasins
  5 sky beasts
  8 orc warriors
  4 ice beasts
  2 black bears
  6 ogres
  6 wolves
  2 centaurs
  3 kobold brigands
  2 necrophages
  9 bullfrogs
  A gnoll sergeant (D:5)
  A scorpion (D:5)
  4 wights (D:8)
  7 killer bees
  2 howler monkeys (D:8)
  3 electric eels (Spider:1)
  4 hounds
  An iguana (D:7)
  29 orc priests
  2 gnoll shamans
  Jessica (D:2)
  Terence (D:2)
  5 hell rats (Lair:3)
  Natasha (twice) (D:4)
  17 orc wizards
  5 small abominations (Lair:6)
  A killer bee simulacrum (D:9)
  8 gnolls
  7 adders
  A shadow imp (D:6)
  A white imp (D:9)
  A howler monkey simulacrum (D:9)
  2 ufetubi
  2 worms
  A dart slug (D:3)
  60 orcs
  13 ball pythons
  3 bats
  9 endoplasms
  2 giant cockroaches
  3 goblins
  A hobgoblin (D:3)
  9 jackals
  14 kobolds
  2 quokkas
  2 frilled lizards
  11 rats
  A tentacle (Shoals:2)
573 creatures vanquished.

Vanquished Creatures (collateral kills)
  Polyphemus (Shoals:2)
  Donald (Shoals:2)
  2 orc warlords
  A ghost moth (Spider:3)
  A spark wasp (Spider:4)
  A merfolk javelineer (Shoals:2)
  2 merfolk impalers
  Snorg (Lair:3)
  A rakshasa (D:13)
  Erolcha (Orc:2)
  3 boulder beetles
  3 hydras
  Erica (D:9)
  A catoblepas (D:15)
  2 merfolk avatars (Shoals:1)
  3 radroaches
  A jorogumo (Spider:3)
  4 death yaks (Lair:6)
  5 orc high priests (Orc:2)
  2 thrashing horrors (Lair:6)
  A sun moth (Spider:1)
  3 pharaoh ants
  A sea snake (Shoals:2)
  4 steelbarb worms
  7 orb spiders
  8 harpies
  A lindwurm (Lair:4)
  A deep elf pyromancer (D:12)
  8 wolf spiders
  A cyclops (Orc:2)
  An ugly thing (D:13)
  A manticore (Shoals:1)
  A salamander (D:15)
  A salamander (shapeshifter) (D:13)
  3 slime creatures (D:14)
  3 merfolk sirens (Shoals:2)
  4 elephants
  A moth of wrath (Spider:2)
  2 water nymphs
  2 black mambas
  3 cane toads
  A gargoyle (D:12)
  2 unseen horrors
  A demonic crawler (Spider:2)
  7 komodo dragons
  2 efreet
  3 yaktaurs
  An ancient zyme (Lair:6)
  2 trolls (D:12)
  10 merfolk
  11 tarantellas
  A wind drake (Shoals:2)
  A polar bear (D:9)
  4 meliai
  2 hornets
  11 blink frogs
  2 snapping turtles
  10 dream sheep
  14 culicivoras
  11 jumping spiders
  2 large abominations (Lair:6)
  2 vampires
  3 water elementals
  A wraith (D:10)
  A wyvern (Lair:5)
  13 yaks
  A steam dragon (D:10)
  25 redbacks
  A vampire mosquito (D:11)
  A warg (Orc:2)
  A small abomination (Lair:6)
  A harpy simulacrum (IceCv)
  4 water moccasins
  2 acid dragons
  A sky beast (D:12)
  9 orc warriors
  4 ice beasts (D:9)
  7 ogres
  2 wolves
  2 centaurs (D:9)
  7 bullfrogs
  A necrophage (D:8)
  3 killer bees
  A howler monkey (D:8)
  A jelly (D:6)
  12 orc priests
  A hell rat (Lair:3)
  8 orc wizards
  A centaur simulacrum (D:9)
  A killer bee simulacrum (D:9)
  An adder (D:3)
  6 gnolls
  2 white imps (D:9)
  An ufetubus (D:9)
  24 orcs
  An endoplasm (D:3)
  A giant cockroach (D:3)
  A jackal (D:3)
  3 kobolds (D:11)
349 creatures vanquished.

Vanquished Creatures (others)
  A jumping spider (Spider:1)
  An orc warrior (Orc:1)
  An ogre (Orc:1)
  32 battlemagi
  3 ancestors (D:8)
  2 orcs
  21 fungi
  67 plants
  4 tentacles (Shoals:2)
  6 withered plants (D:7)
138 creatures vanquished.

Grand Total: 1060 creatures vanquished

Notes
Turn   | Place    | Note
-------+----------+-------------------------------------------
     0 | D:1      | dolemite99 the Hill Orc Fighter began the quest for the
                  | Orb.
     0 | D:1      | Reached XP level 1. HP: 19/19 MP: 1/1
    15 | D:1      | Got Qefysyew's Tome of Entrancing Transformation
    61 | D:1      | Reached skill level 3 in Axes
   252 | D:1      | Reached XP level 2. HP: 14/26 MP: 2/2
   658 | D:1      | Reached skill level 4 in Axes
   727 | D:1      | Found a faded altar of an unknown god.
   737 | D:1      | Prayed at the altar of an unknown god.
   737 | D:1      | Became a worshipper of Elyvilon the Healer
   737 | D:1      | Reached * piety under Elyvilon
  1084 | D:1      | Reached XP level 3. HP: 31/31 MP: 3/3
  1427 | D:2      | Noticed Jessica
  1430 | D:2      | Killed Jessica
  1431 | D:2      | Reached skill level 5 in Axes
  1644 | D:2      | Reached XP level 4. HP: 19/39 MP: 4/4
  1828 | D:2      | Reached ** piety under Elyvilon
  2169 | D:2      | Reached skill level 1 in Invocations
  2361 | D:2      | Noticed Terence
  2371 | D:2      | Killed Terence
  2372 | D:2      | Reached skill level 6 in Axes
  2615 | D:2      | Noticed Sigmund
  2628 | D:2      | Killed Sigmund
  2629 | D:2      | Reached skill level 7 in Axes
  2629 | D:2      | Reached XP level 5. HP: 28/45 MP: 5/7
  2629 | D:2      | Reached XP level 6. HP: 32/51 MP: 5/8
  3025 | D:3      | Found Yprutova's Assorted Antiques.
  3078 | D:3      | Bought a scroll labelled FUIPAB QOCWA for 24 gold pieces
  3080 | D:3      | Bought a scroll labelled QIEPIW HIWE for 24 gold pieces
  3812 | D:3      | Reached skill level 8 in Axes
  3960 | D:4      | Reached *** piety under Elyvilon
  3980 | D:4      | Reached XP level 7. HP: 24/57 MP: 8/10
  4591 | D:4      | Noticed Natasha
  4599 | D:4      | Killed Natasha
  4913 | D:4      | Reached skill level 9 in Axes
  4941 | D:4      | Noticed Natasha
  4949 | D:4      | Killed Natasha
  5049 | D:5      | Entered Level 5 of the Dungeon
  5073 | D:5      | Found a blossoming altar of Fedhas.
  5073 | D:5      | Found a bloodstained altar of Trog.
  5169 | D:5      | Reached skill level 5 in Invocations
  5684 | D:5      | Reached **** piety under Elyvilon
  5879 | D:5      | Found a staircase to the Ecumenical Temple.
  5883 | D:5      | Reached skill level 10 in Axes
  5909 | Temple   | Entered the Ecumenical Temple
  5961 | Temple   | Fell from the grace of Elyvilon
  5961 | Temple   | Became a worshipper of Hepliaklqana the Forgotten
  6017 | D:5      | Reached XP level 8. HP: 64/64 MP: 12/12
  6867 | D:5      | Reached skill level 11 in Axes
  7222 | D:6      | Noticed a yak
  7224 | D:6      | Noticed a yak
  7224 | D:6      | Noticed a yak
  7236 | D:5      | Killed a yak
  7744 | D:5      | Reached skill level 12 in Axes
  8053 | D:6      | Found Wiuror's Armour Boutique.
  8057 | D:6      | Found Huam's General Store.
  8074 | D:6      | Bought a scroll of silence for 97 gold pieces
  8422 | D:6      | Reached skill level 13 in Axes
  8524 | D:6      | Reached XP level 9. HP: 70/70 MP: 13/13
  8892 | D:6      | Reached * piety under Hepliaklqana
  8974 | D:6      | Reached skill level 14 in Axes
  9468 | D:6      | Found Coynur's Armour Shoppe.
  9486 | D:6      | Bought a +0 pair of boots for 54 gold pieces
  9761 | D:7      | Reached skill level 15 in Axes
 10034 | D:7      | Found a runed translucent gate.
 10034 | D:7      | Found a runed translucent gate.
 10034 | D:7      | Found a runed translucent gate.
 10048 | D:7      | Noticed Clumpoid's ghost (novice GnFi)
 10048 | D:7      | Noticed riojii's ghost (novice DDFi)
 11935 | D:8      | Reached skill level 16 in Axes
 12031 | D:8      | Found a shimmering blue altar of Sif Muna.
 12040 | D:8      | Found an ancient bone altar of Kikubaaqudgha.
 12075 | D:8      | Found a radiant altar of Vehumet.
 12145 | D:8      | Reached skill level 1 in Evocations
 12157 | D:8      | Reached XP level 10. HP: 69/69 MP: 14/14
 12199 | D:8      | Reached ** piety under Hepliaklqana
 12200 | D:8      | Remembered your ancestor Simosihle as a battlemage
 12616 | D:9      | Reached skill level 5 in Shields
 13290 | D:9      | Paralysed by a hornet for 2 turns
 13532 | D:9      | Noticed Maggie
 13537 | D:9      | Noticed Erica
 13546 | D:8      | Killed Maggie
 13932 | D:9      | Killed Erica
 13946 | D:9      | Identified the ring of Ignis, Forging {*Corrode +Blink rF+
                  | rC+ EV+4}
 14193 | D:9      | Reached skill level 10 in Shields
 14193 | D:9      | Reached XP level 11. HP: 70/73 MP: 15/15
 15239 | D:9      | Reached skill level 5 in Fighting
 15443 | D:10     | Entered Level 10 of the Dungeon
 15999 | D:10     | Reached *** piety under Hepliaklqana
 16140 | D:10     | Found a sparkling altar of Nemelex Xobeh.
 16142 | D:10     | Found an iron altar of Okawaru.
 16145 | D:10     | Found an opulent altar of Gozag.
 16146 | D:10     | Found a burning altar of Makhleb.
 16146 | D:10     | Found a glowing silver altar of Zin.
 16146 | D:10     | Found an ornate altar of the Wu Jian Council.
 16147 | D:10     | Found a shadowy altar of Dithmenos.
 16150 | D:10     | Found a sacrificial altar of Ru.
 16434 | D:3      | Bought a scroll of identify for 48 gold pieces
 16434 | D:3      | Bought a fizzy clear potion for 21 gold pieces
 16434 | D:3      | Bought an onyx ring for 120 gold pieces
 17043 | D:11     | Noticed a cyclops
 17049 | D:11     | Killed a cyclops
 17509 | D:11     | Found a staircase to the Lair.
 17936 | Lair:1   | Entered Level 1 of the Lair of Beasts
 18104 | Lair:1   | Reached skill level 5 in Armour
 18201 | Lair:1   | Reached **** piety under Hepliaklqana
 18268 | Lair:1   | Reached XP level 12. HP: 95/95 MP: 16/16
 18880 | Lair:2   | Noticed a five-headed hydra
 18887 | Lair:2   | Killed a two-headed hydra
 19798 | Lair:3   | Noticed a four-headed hydra
 19803 | Lair:3   | Noticed Snorg
 19812 | Lair:3   | Killed a one-headed hydra
 19815 | Lair:3   | Killed Snorg
 20076 | Lair:3   | Reached skill level 10 in Armour
 20077 | Lair:3   | Noticed an eight-headed hydra
 20084 | Lair:3   | Killed a seven-headed hydra
 20355 | Lair:3   | Found a hole to the Spider Nest.
 20747 | Lair:3   | Reached skill level 10 in Fighting
 20918 | Lair:3   | Noticed a six-headed hydra
 20931 | Lair:3   | Killed a two-headed hydra
 21238 | Lair:4   | Reached XP level 13. HP: 88/102 MP: 18/18
 21810 | Lair:4   | Found a staircase to the Shoals.
 22061 | Lair:4   | Reached ***** piety under Hepliaklqana
 22499 | Lair:5   | Found a runed translucent door.
 22502 | Lair:5   | Noticed an acid blob
 22536 | Lair:5   | Reached skill level 5 in Evocations
 22899 | Lair:5   | Found a viscous altar of Jiyva.
 22900 | Lair:5   | Noticed an acid blob
 22901 | Lair:5   | Found a staircase to the Slime Pits.
 23212 | Lair:6   | Entered Level 6 of the Lair of Beasts
 24595 | Lair:6   | Reached skill level 10 in Evocations
 24609 | Lair:6   | Reached XP level 14. HP: 81/109 MP: 20/20
 25183 | Lair:6   | Reached skill level 10 in Invocations
 25507 | Lair:6   | Found a corrupted altar of Lugonu.
 25507 | Lair:6   | Found a one-way gate to the infinite horrors of the Abyss.
 26429 | D:12     | Noticed Sonja
 26430 | D:12     | Noticed Sonja
 26430 | D:12     | Sonja changed into Sonja the sky beast
 26433 | D:12     | Killed Sonja the sky beast
 26456 | D:12     | Found a staircase to the Orcish Mines.
 26744 | D:12     | Identified the +1 pair of gloves "Gytug" {Dex+3 SInv}
 27472 | D:13     | Identified the amulet of Gisod {Acrobat Fly}
 27495 | D:13     | Found a portal to a secret trove of treasure.
 27590 | D:13     | Found a gate leading to a gauntlet.
 28004 | D:13     | You fall into a shaft and drop 2 floors!
 28004 | D:15     | Entered Level 15 of the Dungeon
 28027 | D:15     | Found a staircase to the Depths.
 28987 | D:14     | Found Oconyipn's Assorted Antiques.
 29357 | D:14     | Reached XP level 15. HP: 104/121 MP: 24/24
 30247 | Orc:1    | Entered Level 1 of the Orcish Mines
 30312 | Orc:1    | Paralysed by an orc sorcerer for 2 turns
 30689 | Orc:2    | Entered Level 2 of the Orcish Mines
 30845 | D:6      | Bought a wand of iceblast (7) for 143 gold pieces
 31006 | Orc:2    | Found a staircase to the Elven Halls.
 31057 | Orc:2    | Noticed an orc warlord
 31069 | Orc:2    | Killed an orc warlord
 31825 | Orc:2    | Noticed Erolcha
 31831 | Orc:2    | Killed Erolcha
 31908 | Orc:1    | Noticed an orc warlord
 31915 | Orc:1    | Killed an orc warlord
 32160 | Orc:2    | Found Bisaof's Jewellery Emporium.
 32160 | Orc:2    | Found Foruof's Book Boutique.
 32200 | Orc:1    | You fall into a shaft and drop 1 floor!
 32837 | Orc:2    | Found a roughly hewn altar of Beogh.
 32900 | Orc:2    | Found Hoewnidy's General Store.
 32900 | Orc:2    | Found Xeahax's Armour Boutique.
 32916 | Orc:2    | Bought a +0 cloak of willpower for 161 gold pieces
 33169 | Orc:2    | Bought a potion of haste for 160 gold pieces
 33169 | Orc:2    | Bought a wand of flame (11) for 104 gold pieces
 33382 | D:6      | Bought a wand of digging (5) for 234 gold pieces
 33708 | D:14     | Bought a pair of ancient gloves for 389 gold pieces
 33708 | D:14     | Identified the +2 pair of gloves of Noup {+Inv rPois rF+
                  | Str-2} (You bought it in a shop on level 14 of the Dungeon)
 33708 | D:14     | Bought a potion of curing for 123 gold pieces
 33708 | D:14     | Bought an emerald potion for 36 gold pieces
 33808 | D:14     | Noticed Frances
 33840 | D:14     | Killed Frances
 34351 | D:14     | Found a gate to the Vaults.
 34539 | D:15     | Identified the +3 morningstar "Killer Klown's Curse"
                  | {venom, rN+ Dex+2 SInv}
 34832 | D:15     | Reached skill level 1 in Maces & Flails
 34958 | D:15     | Noticed Rupert
 34969 | D:15     | Killed Rupert
 35417 | Spider:1 | Entered Level 1 of the Spider Nest
 35565 | Spider:1 | Reached skill level 5 in Maces & Flails
 37337 | Spider:1 | Identified the +7 lajatang of Blind Justice {freeze,
                  | Stlth+}
 38163 | Spider:2 | Reached XP level 16. HP: 131/131 MP: 26/26
 40246 | Spider:3 | Found a frozen archway.
 40260 | IceCv    | Entered an ice cave
 40918 | Spider:3 | Reached skill level 15 in Armour
 42868 | Spider:4 | Entered Level 4 of the Spider Nest
 42927 | Spider:4 | Noticed Mara
 42939 | Spider:4 | Noticed dolemite99's illusion
 42945 | Spider:4 | Noticed Nikola
 43358 | Spider:4 | Reached XP level 17. HP: 46/138 MP: 27/27
 44514 | Spider:3 | Reached skill level 15 in Shields
 45428 | Spider:4 | Reached skill level 15 in Fighting
 45484 | Spider:4 | Reached skill level 1 in Throwing
 45991 | Shoals:1 | Entered Level 1 of the Shoals
 46304 | Shoals:1 | Reached skill level 1 in Dodging
 47379 | Shoals:2 | Noticed Donald
 47391 | Shoals:2 | Killed Donald
 47755 | Shoals:2 | Noticed Polyphemus
 47768 | Shoals:2 | Killed Polyphemus
 47850 | Shoals:2 | Reached skill level 5 in Dodging
 48292 | Shoals:2 | Noticed a kraken
 48303 | Shoals:2 | Killed a kraken
 48772 | Shoals:3 | HP: 7/140 [drowned by a water elemental (4)]
 48772 | Shoals:3 | HP: 3/140 [centaur warrior (4)]
 48774 | Shoals:3 | Slain by a merfolk

Illustrated notes

Levels and vault maps discovered:
D:1:      eino_arrival_cavern_a, layout_basic, dreamdust_ecumenical_altar_grove
D:2:      minmay_razor_zed, layout_basic, minmay_misc_feat_tiny, uniq_terence,
          uniq_jessica, uniq_sigmund
D:3:      layout_rooms, serial_shops,
          nicolae_shop_temple_entry_statues_fountains, lemuel_another_geyser
D:4:      layout_loops_ring, uniq_natasha
D:5:      black_bear_nest_1, layout_layer_cave,
          mainiacjoe_overflow_divided_tiny, minmay_temple_entry_large_hall,
          saegor_snake_ambush
D:6:      layout_cave_pools, serial_shops, nicolae_shop_waterfront,
          shop_fountains, nicolae_shop_temple_entry_statues_fountains
D:7:      layout_gridville, gammafunk_ghost_cemetery,
          minmay_misc_feat_secret_circle
D:8:      layout_rooms, palyth_temple_overflow_mages, item_on_display_a
D:9:      layout_basic, serial_ice, serial_ice_b, serial_ice_c, serial_ice_d,
          serial_ice_j, serial_ice_o, serial_ice_f, serial_ice_a, serial_ice_e,
          serial_ice_h, serial_ice_n, mrwooster_statue_mirror, uniq_maggie,
          uniq_erica
D:10:     layout_loops_ring, minitemple
D:11:     layout_long_grid, dpeg_oklobed_lair, grunt_ministairs_1
D:12:     layout_irregular_city, erik_orc_4, drop_trap, uniq_sonja
D:13:     layout_grid_maze, nicolae_trove_entry_crystal, gauntlet_entry_generic
D:14:     layout_loops_corners, hangedman_vaults_entry_quadrant_bands,
          serial_shops, nicolae_shop_waterfront, corexii_hall_statues_s,
          uniq_frances
D:15:     hangedman_depths_entry_try_elsewhere_first, layout_basic, uniq_rupert
Temple:   jpeg_temple_island
Lair:1:   layout_regular_city, lemuel_fruit_fields, grunt_megastairs_1
Lair:2:   layout_cellular_growth
Lair:3:   layout_regular_city, dummy_spider_entry, uniq_snorg
Lair:4:   layout_roguey, elwin_shoals_entry_rooms
Lair:5:   layout_roguey, slime_altar_2
Lair:6:   hellmonk_lair_end_abyssal_woods, layout_small_grid
Shoals:1: layout_shoals, nicolae_shoals_siren_and_animal_friends
Shoals:2: layout_shoals, uniq_polyphemus, uniq_donald
Shoals:3: layout_shoals, nicolae_shoals_stone_sculpture_thing, st_sunken_huts
Spider:1: layout_spider_delve, hellmonk_test_site
Spider:2: layout_cave_pods, nicolae_spider_nook
Spider:3: layout_spider_delve, portal_ice_cave_entry_pillars_1
Spider:4: grunt_spider_rune_parallel, nicolae_spider_rock_and_or_roll,
          uniq_mara, uniq_nikola
Orc:1:    layout_caves
Orc:2:    st_orc_town, layout_diamond_mine, uniq_erolcha

Skill      XL: |  1  2  3  4  5  6  7  8  9 10 11 12 13 14 15 16 17 |
---------------+----------------------------------------------------+-----
Axes           | 3 4 5 7 8 10 13 16 | 16.7
Invocations    | 3 4 5 7 9 12 14 | 14.0
Evocations     | 2 3 10 | 10.3
Shields        | 10 14 15 | 15.2
Fighting       | 9 10 13 14 15 | 15.0
Armour         | 6 11 13 14 15 | 15.0
Maces & Flails | 7 9 |  9.4
Throwing       | 4 |  4.0
Dodging        | 6 |  6.5

Action                   |  1- 3 |  4- 6 |  7- 9 | 10-12 | 13-15 | 16-18 || total
-------------------------+-------+-------+-------+-------+-------+-------++-------
Melee: War axe           |    77 |    96 |       |   301 |   661 |    19 ||  1154
       Hand axe          |       |    24 |   350 |    60 |       |       ||   434
       Morningstar       |       |       |       |       |    64 |    24 ||    88
       Broad axe         |       |       |       |       |       |   476 ||   476
Throw: Stone             |     7 |    16 |    56 |    20 |       |       ||    99
       Dart              |       |       |       |    30 |    26 |    25 ||    81
       Javelin           |       |       |       |       |    28 |     9 ||    37
       Throwing net      |       |       |       |       |     1 |     1 ||     2
       Boomerang         |       |       |       |       |       |    12 ||    12
Invok: Recall Ancestor   |       |       |     2 |     1 |     6 |    10 ||    19
       Ancestor Life: Ba |       |       |       |     1 |       |       ||     1
       Idealise          |       |       |       |     2 |    18 |    11 ||    31
Evoke: Wand              |       |       |     9 |     4 |    47 |    77 ||   137
       Phial of floods   |       |       |       |       |     3 |     6 ||     9
  Use: Potion            |       |     1 |     3 |     3 |    15 |    28 ||    50
       Scroll            |       |     8 |     6 |    10 |    13 |    16 ||    53
 Stab: Distracted        |       |       |     2 |     7 |    11 |     8 ||    28
       Invisible         |       |       |       |       |     4 |       ||     4
       Paralysed         |       |       |       |       |     1 |     3 ||     4
Armor: Scale mail        |    53 |    11 |       |       |       |       ||    64
       Chain mail        |       |    52 |   128 |   157 |   156 |   459 ||   952
       Plate armour      |       |       |       |       |   278 |       ||   278
Dodge: Dodged            |    36 |    46 |    84 |    91 |   174 |   164 ||   595
Block: Buckler           |    16 |    33 |    58 |     1 |       |       ||   108
       Kite shield       |       |       |       |   254 |   687 |   613 ||  1554
       Reflection        |       |       |       |     7 |    29 |    23 ||    59

Table legend: (Time is in decaauts)
 A = Elapsed time spent in this place.
 B = Non-inter-level travel time spent in this place.
 C = Inter-level travel time spent in this place.
 D = Time resting spent in this place.
 E = Time spent auto-exploring this place.
 F = Levels seen in this place.
 G = Mean time per level.
                   A        B        C        D        E       F      G
               +--------+--------+--------+--------+--------+-----+--------+
         Total |  48536 |  46089 |   2447 |  18186 |  20586 |  32 | 1516.8 |
       Dungeon |  24087 |  22370 |   1717 |   8087 |  11115 |  15 | 1605.8 |
        Temple |     86 |     53 |     33 |      0 |     33 |   1 |   86.0 |
          Lair |   9772 |   9383 |    389 |   3581 |   4449 |   6 | 1628.7 |
        Shoals |   2739 |   2688 |     51 |    294 |   1757 |   3 |  913.0 |
   Spider Nest |   9207 |   9084 |    123 |   5286 |   2375 |   4 | 2301.8 |
  Orcish Mines |   2637 |   2506 |    131 |    937 |    855 |   2 | 1318.5 |
      Ice Cave |      6 |      6 |      0 |      0 |      0 |   1 |    6.0 |
               +--------+--------+--------+--------+--------+-----+--------+

Top non-repeatable levels by time:
Spider:3: 4393 daAuts
     D:5: 2870 daAuts
  Lair:6: 2634 daAuts
  Lair:3: 2634 daAuts
     D:7: 2471 daAuts
   Orc:2: 2090 daAuts
     D:9: 1939 daAuts
    D:14: 1920 daAuts
Spider:2: 1870 daAuts
     D:6: 1748 daAuts
Spider:1: 1705 daAuts
     D:8: 1680 daAuts
    D:15: 1518 daAuts
    D:11: 1514 daAuts
     D:2: 1451 daAuts
